 Dungeon Crawl Stone Soup version 0.17-a0-1763-g847a857 (console) character file.

20 Illiel the Shooter (level 2, -2/18 HPs)
             Began as a High Elf Arcane Marksman on Sept 4, 2015.
             Slain by an adder (4 damage)
             ... on level 1 of the Dungeon.
             The game lasted 00:04:26 (973 turns).

Illiel the Shooter (High Elf Arcane Marksman)        Turns: 973, Time: 00:04:26

Health: -2/18      AC:  7    Str: 10    XL:     2   Next: 58%
Magic:  3/4        EV: 13    Int: 16    God:
Gold:   76         SH:  0    Dex: 14    Spells: 2 memorised, 0 levels left

rFire  + + .     SeeInvis .     b - +0 dagger
rCold  + . .     Clarity  .     c - +0 robe
rNeg   . . .     SustAt   .     (no shield)
rPois  +         Gourm    .     (no helmet)
rElec  +         Spirit   .     l - +0 cloak
rCorr  +         Warding  .     (no gloves)
rMut   .         Stasis   .     (no boots)
MR     .....                    g - amulet of faith
Stlth  +.........               (no ring)
                                (no ring)

@: lethally poisoned (-2 -> -9), resistant, not resistant to hostile
enchantments, very unstealthy
A: iridescent scales 1, fire resistance 1, mutation resistance 1
a: no special abilities


You were on level 1 of the Dungeon.
You were not hungry.

You visited 1 branch of the dungeon, and saw 2 of its levels.

You collected 76 gold pieces.

Inventory:

Hand weapons
 a - a +0 shortbow
 b - a +0 dagger (weapon)
Missiles
 i - 54 arrows
 j - 7 poisoned needles
Armour
 c - a +0 robe (worn)
 l - a +0 cloak (worn)
Jewellery
 g - an amulet of faith (around neck)
Scrolls
 m - a scroll of blinking {unknown}
 n - a scroll of identify {unknown}
 o - a scroll of teleportation {unknown}
 s - a scroll of enchant armour {unknown}
Potions
 q - a potion of might {unknown}
 r - a potion of heal wounds {unknown}
Books
 d - a book of Debilitation

   Spells                             Type                      Level
   a - Corona                         Hexes                        1
   b - Slow                           Hexes                        2
   c - Gell's Gravitas                Hexes/Translocation          3
   d - Inner Flame                    Hexes/Fire                   3
   e - Cause Fear                     Hexes                        4
   f - Leda's Liquefaction            Hexes/Earth                  4
Comestibles
 e - a bread ration
 h - a meat ration


   Skills:
 + Level 1.1 Fighting
 * Level 3.8 Bows
 + Level 2.6 Dodging
 - Level 1.2 Spellcasting
 - Level 3.0 Hexes


You couldn't memorise any spells.
You knew the following spells:

 Your Spells              Type           Power        Failure   Level  Hunger
a - Corona                Hex            ##.....      10%         1    ##.....
b - Slow                  Hex            ##......     12%         2    ###....


Dungeon Overview and Level Annotations

Branches:
Dungeon (2/15)

Altars:


Innate Abilities, Weirdness & Mutations

You are partially covered in iridescent scales (AC +4).
Your flesh is heat resistant.
You are somewhat resistant to further mutation.


Message History

You closely miss the adder.
The adder is moderately wounded.
The adder bites you.
You are lethally poisoned!
The adder poisons you!
You hit the adder.
The adder is moderately wounded.
You feel sick. The adder misses you.
Drink which item? (? for menu, Esc to quit)
It was a potion of mutation.
You feel extremely strange.
Iridescent scales grow over part of your body.
You feel resistant to heat.
You feel genetically stable.
* * * LOW HITPOINT WARNING * * *
You feel sick. The adder bites you.
* * * LOW HITPOINT WARNING * * *
Drink which item? (? for menu, Esc to quit)
It was a potion of resistance.
You feel protected.
The adder stops glowing.
The adder misses you. The adder bites you.
You die...

▒▒▒▒▒▒▒▒▒▒▒▒▒
▒∙∙∙∙∙∙∙∙∙∙∙▒
▒▒▒∙▒▒▒▒▒▒▒▒▒∙∙
▒▒∙▒∙▒▒▒▒∙∙∙∙∙∙∙
▒∙∙∙∙∙∙∙∙∙▒▒∙▒∙▒
▒▒∙▒>▒▒▒▒▒▒▒▒∙▒∙ ▒∙▒∙▒▒▒
▒∙▒∙▒ ▒∙∙∙∙∙▒ ▒▒▒∙▒∙
▒▒▒▒∙∙∙∙∙▒▒ ▒∙∙▒∙▒
▒∙∙∙∙∙∙∙∙∙▒ ▒∙▒∙▒∙ ▒▒▒
▒S▒▒∙∙∙∙∙∙▒ ▒∙∙▒∙▒
▒▒∙▒▒▒@▒▒∙(∙∙∙∙▒▒▒∙▒∙▒∙
▒▒∙▒∙▒∙∙∙▒∙∙∙∙∙∙∙∙∙∙▒▒▒▒
▒∙▒▒▒∙∙∙∙∙∙∙▒∙∙∙∙∙∙∙∙∙∙∙
▒▒∙▒∙▒∙∙∙▒▒∙∙∙∙∙∙▒∙▒▒▒▒∙
▒▒∙∙∙∙∙∙∙∙∙▒▒▒∙▒▒∙▒ ▒∙
▒∙∙▒▒∙▒▒▒▒▒▒▒∙▒▒∙▒▒ ▒∙
▒▒▒▒▒∙∙▒▒∙▒ ▒▒∙∙∙∙∙∙▒▒▒∙
▒∙∙∙∙∙∙▒▒∙▒ ▒∙∙∙∙∙▒∙∙∙∙∙
▒∙▒▒▒∙∙▒▒∙▒ ▒∙∙∙∙∙∙∙▒▒▒∙
▒∙▒ ▒∙∙▒▒∙▒▒▒▒▒(▒∙▒▒∙▒▒
▒> ▒∙▒
▒∙∙▒▒∙∙∙∙∙∙∙∙∙▒▒∙▒ ▒∙
▒∙▒
▒∙∙∙∙∙∙∙∙∙∙∙▒▒▒▒∙▒▒▒▒∙
▒∙▒
▒∙∙▒∙∙∙∙∙∙∙∙∙∙∙∙∙∙∙∙∙∙
▒∙▒
▒∙∙▒∙▒▒▒∙▒▒▒▒▒▒∙▒∙▒▒▒▒
▒∙▒ ▒∙∙▒∙▒▒▒∙▒▒ ▒∙▒∙▒ ▒
▒∙▒ ▒∙∙∙∙∙∙∙∙∙▒▒▒▒▒∙▒∙▒
▒ ▒▒▒▒▒▒▒▒∙▒
▒∙∙∙∙∙∙∙∙∙∙∙∙▒▒∙▒∙▒ ▒


You could see an adder.

Vanquished Creatures
  A giant gecko (D:1)
  3 bats (D:1)
  A giant cockroach (D:1)
  3 hobgoblins (D:1)
  A jackal (D:1)
  A ball python (D:1)
  A giant newt (D:1)
  A goblin (D:1)
  4 kobolds (D:1)
16 creatures vanquished.

Notes
Turn   | Place    | Note
--------------------------------------------------------------
     0 | D:1      | Illiel the High Elf Arcane Marksman began the quest for the Orb.
     0 | D:1      | Reached XP level 1. HP: 13/13 MP: 3/3
   372 | D:1      | Reached XP level 2. HP: 13/18 MP: 4/4
   644 | D:1      | Learned a level 2 spell: Slow
   972 | D:1      | Gained mutation: You are partially covered in iridescent scales (AC +4). [potion of mutation]
   972 | D:1      | Gained mutation: Your flesh is heat resistant. [potion of mutation]
   972 | D:1      | Gained mutation: You are somewhat resistant to further mutation. [potion of mutation]
   973 | D:1      | Slain by an adder

Vault maps used:
D:1:      lightli_arrival_chessboard, minmay_fountain_box,
          minmay_misc_feat_tower, minivault_23
D:2:      first_bread, uniq_robin

Action                   || total
-------------------------++-------
Melee: Dagger            ||    72
 Fire: Shortbow          ||    23
 Cast: Corona            ||     8
  Use: Potion            ||     2
